[Event "ICC tourney 2809 (40 10)"]
[Site "Internet Chess Club"]
[Date "2022.01.29"]
[Round "5"]
[White "ANGELCHIK, JACOB:t105mm"]
[Black "BONNELL, LEO W:bonnelleo1"]
[Result "0-1"]
[ICCResult "White checkmated"]
[WhiteElo "1216"]
[BlackElo "1696"]
[Opening "Trompowsky attack (Ruth, Opocenský opening)"]
[ECO "A45"]
[NIC "QP.07"]
[Time "20:00:33"]
[PlyCount "106"]
[TimeControl "2400+10"]

1. d4 Nf6 2. Bg5 Ne4 3. Bf4 d5 4. Nd2 Bf5 5. e3 e6 6. Bd3 c5 7. c4 Nc6 8.
Ngf3 cxd4 9. exd4 Bb4 10. Bxe4 Bxe4 11. O-O O-O 12. cxd5 Bxd5 13. a3 Bxd2
14. Bxd2 Bxf3 15. Qxf3 Nxd4 16. Qg4 Nf5 17. Bb4 Re8 18. Rad1 Qb6 19. Rd7
Rad8 20. Rfd1 Rxd7 21. Rxd7 Qc6 22. Rd1 h6 23. Bc3 Rc8 24. Re1 Qc4 25. Qxc4
Rxc4 26. Rd1 Ne7 27. f3 Nd5 28. Bd4 a6 29. b3 Rc2 30. h3 Nf4 31. Bf2 Nd5 32.
Rd4 Rc1+ 33. Kh2 Rb1 34. b4 Rb3 35. Rc4 Rxa3 36. Rc8+ Kh7 37. Bc5 Rb3 38.
Rb8 b6 39. Bd6 b5 40. Rb7 Kg6 41. h4 h5 42. f4 Nxb4 43. g4 hxg4 44. h5+ Kxh5
45. Rxf7 Kg6 46. Re7 Kf6 47. Rd7 g3+ 48. Kg2 Nd5 49. Be5+ Kf5 50. Rf7+ Ke4
51. Bb8 a5 52. Rxg7 Nxf4+ 53. Kg1 Rb1# {White checkmated} 0-1

[Event "ICC tourney 2809 (40 10)"]
[Site "Internet Chess Club"]
[Date "2022.01.29"]
[Round "5"]
[White "DHURJATI, ANAGHA:amdink"]
[Black "Renderer, Winslow Scott:BEASTMODE1"]
[Result "0-1"]
[ICCResult "White checkmated"]
[WhiteElo "1463"]
[BlackElo "1565"]
[Opening "Scandinavian (center counter) defense"]
[ECO "B01"]
[NIC "SD.02"]
[Time "20:00:21"]
[PlyCount "116"]
[TimeControl "2400+10"]

1. e4 d5 2. exd5 Qxd5 3. Nc3 Qd8 4. d4 Nf6 5. Nf3 Bg4 6. Bc4 e6 7. Be3 Nc6
8. O-O a6 9. a4 Be7 10. Be2 Bf5 11. Nh4 Bg6 12. Nxg6 hxg6 13. Bf3 Qd6 14. h3
O-O-O 15. Ne2 Nd5 16. c4 Nxe3 17. fxe3 Bg5 18. Qb3 Qb4 19. Qd3 Ne5 20. Qe4
Nxc4 21. Rfd1 Bxe3+ 22. Kh1 Bg5 23. Nc3 Rh4 24. Qe1 Rhxd4 25. Rxd4 Rxd4 26.
Rd1 Rxd1 27. Qxd1 Nxb2 28. Qc2 Bf6 29. Ne4 Nxa4 30. Nxf6 gxf6 31. Qc1 Qe7
32. Qb1 Nb6 33. Qe4 Nd5 34. Qe2 Qd6 35. Kg1 Qc5+ 36. Kh1 Qc1+ 37. Kh2 Qf4+
38. Kh1 Qe5 39. Qc2 Qc3 40. Qe2 Ne3 41. Qa2 Qe1+ 42. Kh2 Nf1+ 43. Kh1 Nd2+
44. Kh2 Qf2 45. Bxb7+ Kxb7 46. Qb2+ Kc8 47. Qxd2 Qxd2 48. h4 a5 49. h5 a4
50. Kh3 a3 51. hxg6 a2 52. gxf7 Qh6+ 53. Kg3 Qg7+ 54. Kh2 Qxf7 55. g4 a1=Q
56. g5 Qh5+ 57. Kg2 Qah1+ 58. Kg3 Q1h2# {White checkmated} 0-1

[Event "ICC tourney 2809 (40 10)"]
[Site "Internet Chess Club"]
[Date "2022.01.29"]
[Round "5"]
[White "SHOOR, RAJESH:shoorrk"]
[Black "WANG, JACOB S:JACOBCHESS857"]
[Result "1/2-1/2"]
[ICCResult "Game drawn by repetition"]
[WhiteElo "1631"]
[BlackElo "1385"]
[Opening "Queen's pawn, Mason variation"]
[ECO "D00"]
[NIC "QP.08"]
[Time "20:00:28"]
[PlyCount "82"]
[TimeControl "2400+10"]

1. d4 d5 2. Bf4 Nf6 3. e3 g6 4. c4 c6 5. Nc3 Bg7 6. Nf3 O-O 7. h3 Re8 8. Be2
dxc4 9. Bxc4 b5 10. Bb3 a5 11. a4 b4 12. Ne2 Bb7 13. Rc1 Na6 14. Ne5 e6 15.
Nxc6 Qb6 16. Ne5 Bxg2 17. Rh2 Bd5 18. Bxd5 Nxd5 19. Bg3 Rac8 20. h4 Nf6 21.
Nf4 h5 22. f3 Nd5 23. Nxd5 exd5 24. Rxc8 Rxc8 25. Rc2 Re8 26. Kf2 Bxe5 27.
Bxe5 Qd8 28. Bg3 Qd7 29. b3 Rc8 30. Qc1 Rxc2+ 31. Qxc2 Kf8 32. Kg2 Ke8 33.
Bf4 Kf8 34. Be5 Kg8 35. Qd3 Nc7 36. Qc2 Ne6 37. Qc1 Qb7 38. Qc2 Qd7 39. Qc1
Qb7 40. Qc2 Qd7 41. Qc1 Qb7 {Game drawn by repetition} 1/2-1/2

[Event "ICC tourney 2809 (40 10)"]
[Site "Internet Chess Club"]
[Date "2022.01.29"]
[Round "5"]
[White "REDDY, TANVI CHINTHAGUNTA:tcrgm"]
[Black "GHOSH, PRARTHAN:playerlucky"]
[Result "0-1"]
[ICCResult "White forfeits on time"]
[WhiteElo "1537"]
[BlackElo "1863"]
[Opening "French: advance variation"]
[ECO "C02"]
[NIC "FR.03"]
[Time "20:00:46"]
[PlyCount "100"]
[TimeControl "2400+10"]

1. e4 e6 2. d4 d5 3. e5 c5 4. c3 Qb6 5. Nf3 Nc6 6. Be2 Bd7 7. O-O cxd4 8.
cxd4 Rc8 9. Nc3 a6 10. Rb1 Be7 11. Bf4 f6 12. Bg3 Nh6 13. Bf4 Nf5 14. Na4
Qa7 15. exf6 Bxf6 16. Be5 Ncxd4 17. Bxd4 Nxd4 18. Nxd4 Qxd4 19. b3 b5 20.
Nb2 O-O 21. Nd3 Rc7 22. Ne1 Rfc8 23. Bd3 e5 24. Nf3 Qc5 25. b4 Qc6 26. Be2
e4 27. Nd4 Qc3 28. Nb3 Qe5 29. Nc5 Ra8 30. Qb3 Bc6 31. Bg4 Be7 32. Ne6 Rca7
33. Rbc1 Bd7 34. f4 exf3 35. Rce1 Qd6 36. Qxf3 Bf6 37. Nc5 Bd4+ 38. Kh1 Bxg4
39. Qxg4 Bxc5 40. bxc5 Qd7 41. Qd4 Rc7 42. Rd1 Rd8 43. Rf3 Qe7 44. Re3 Qxc5
45. Qe5 Qd6 46. Qxd6 Rxd6 47. Re5 h6 48. h4 d4 49. Re4 d3 50. Re3 d2
{White forfeits on time}
0-1

[Event "ICC tourney 2809 (40 10)"]
[Site "Internet Chess Club"]
[Date "2022.01.29"]
[Round "5"]
[White "YUAN, ETHAN:Knighthhhh"]
[Black "YAO, HONGZE:Easonyao"]
[Result "1-0"]
[ICCResult "Black checkmated"]
[WhiteElo "1260"]
[BlackElo "1392"]
[Opening "Sicilian: Najdorf, Lipnitzky attack"]
[ECO "B86"]
[NIC "SI.13"]
[Time "20:03:44"]
[PlyCount "87"]
[TimeControl "2400+10"]

1. e4 c5 2. Nf3 d6 3. d4 cxd4 4. Nxd4 Nf6 5. Nc3 a6 6. Bc4 e6 7. Be3 Be7 8.
O-O O-O 9. f3 b5 10. Bb3 Bb7 11. Qd2 Nbd7 12. Rad1 Qc7 13. a3 Nb6 14. a4 Nc4
15. Bxc4 bxc4 16. a5 Qxa5 17. Nd5 Qd8 18. Nxe7+ Qxe7 19. Bg5 Rfd8 20. Qe2
Rac8 21. e5 dxe5 22. Qxe5 Rd7 23. Qg3 Kh8 24. Rfe1 Qd8 25. c3 Rd5 26. Re5
Rxe5 27. Qxe5 Qe7 28. Nf5 Qf8 29. Nd6 Nd7 30. Qd4 Rb8 31. Bf4 e5 32. Bxe5
Nxe5 33. Qxe5 Bc6 34. Nxf7+ Kg8 35. Nd6 Rxb2 36. Qe6+ Kh8 37. Nf7+ Kg8 38.
Rd8 Rb1+ 39. Kf2 Rb2+ 40. Kg3 g6 41. Qf6 Qxd8 42. Nxd8 Be8 43. Ne6 Rb7 44.
Qf8# {Black checkmated} 1-0

[Event "ICC tourney 2809 (40 10)"]
[Site "Internet Chess Club"]
[Date "2022.01.29"]
[Round "5"]
[White "Vishwa, Susheel:sushivishwa"]
[Black "PU, LANDON:landonp"]
[Result "1-0"]
[ICCResult "Black resigns"]
[WhiteElo "1796"]
[BlackElo "1628"]
[Opening "Giuoco Piano"]
[ECO "C54"]
[NIC "IG.02"]
[Time "20:00:19"]
[PlyCount "119"]
[TimeControl "2400+10"]

1. e4 e5 2. Nf3 Nc6 3. Bc4 Bc5 4. c3 Nf6 5. d4 exd4 6. e5 d5 7. Bb5 Ne4 8.
cxd4 Bb6 9. Nc3 O-O 10. Be3 Bg4 11. h3 Bh5 12. Qc2 Bg6 13. Qb3 Nxc3 14. bxc3
Be4 15. Be2 Ne7 16. O-O Ng6 17. a4 a5 18. Nd2 Bf5 19. f4 Qh4 20. Qxd5 c6 21.
Qf3 Be6 22. Qh5 Qxh5 23. Bxh5 Ne7 24. Bf3 Bd5 25. Rab1 Bxf3 26. Rxf3 Nd5 27.
Bf2 Rab8 28. Ne4 Bc7 29. Nc5 Rfd8 30. Rxb7 Rxb7 31. Nxb7 Rb8 32. Nc5 Rb1+
33. Kh2 Rc1 34. Kg3 Nxc3 35. Rd3 Ne2+ 36. Kf3 Nc3 37. Be3 Rf1+ 38. Kg4 Nd5
39. Bd2 g6 40. Na6 Bd8 41. Nb8 h5+ 42. Kg3 h4+ 43. Kg4 Rf2 44. g3 f5+ 45.
exf6 Nxf6+ 46. Kxh4 Ne4+ 47. Kg4 Nxd2 48. Nxc6 Bf6 49. Nxa5 Ne4 50. Re3 Nd6
51. Re6 Nf5 52. Rxf6 Kg7 53. Rxf5 gxf5+ 54. Kxf5 Ra2 55. Nc6 Rxa4 56. g4 Rc4
57. d5 Rc5 58. Ke5 Rc3 59. h4 Rg3 60. d6 {Black resigns} 1-0